 Dungeon Crawl Stone Soup version 0.16-a0-3202-g5da3999 (webtiles) character file.

835 Malachi the Shield-Bearer (level 7, -15/48 HPs)
             Began as a High Elf Fighter on Dec 18, 2014.
             Killed from afar by a goblin (18 damage)
             ... with a wand of draining
             ... on level 6 of the Dungeon.
             The game lasted 00:08:38 (5115 turns).

Malachi the Shield-Bearer (High Elf Fighter)        Turns: 5115, Time: 00:08:39

Health: -15/48     AC:  8    Str: 16    XL:     7   Next: 66%
Magic:  14/14      EV:  8    Int: 12    God:
Gold:   170        SH:  9    Dex: 16    Spells: 0 memorised, 6 levels left

rFire  . . .     SeeInvis .     a - +0 long sword
rCold  . . .     Clarity  .     b - +0 scale mail
rNeg   . . .     SustAb   .     t - +0 shield
rPois  .         Gourm    .     (no helmet)
rElec  .         Spirit   .     (no cloak)
rCorr  .         Warding  .     (no gloves)
rMut   .         Stasis   .     i - +0 pair of boots
MR     .....                    (no amulet)
Stlth  ..........               (no ring)
                                w - ring of wizardry

@: drained, not resistant to hostile enchantments, extremely unstealthy
A: no striking features
a: no special abilities


You were on level 6 of the Dungeon.
You were very hungry.

You visited 2 branches of the dungeon, and saw 7 of its levels.

You collected 170 gold pieces.

Inventory:

Hand weapons
 a - a +0 long sword (weapon)
Missiles
 j - 4 curare-tipped needles
 k - 10 poisoned needles
Armour
 b - a +0 scale mail (worn)
 c - a +0 shield
 i - a +0 pair of boots (worn)
 t - a +0 shield (worn)
Jewellery
 w - a ring of wizardry (left hand)
 H - an uncursed ring of flight {unknown}
Magical devices
 u - a wand of polymorph (0)
 J - a wand of random effects (0)
Scrolls
 f - 5 scrolls of teleportation
 h - 2 scrolls of magic mapping
 l - a scroll of blinking {unknown}
 n - 3 scrolls of remove curse
 p - 3 scrolls of identify {unknown}
 q - a scroll of random uselessness {unknown}
 x - 3 scrolls of fear {unknown}
 y - a scroll of fog {unknown}
 C - a scroll of enchant armour {unknown}
 E - 2 scrolls of amnesia {unknown}
 F - a scroll of immolation {unknown}
 I - a scroll of noise {unknown}
Potions
 e - 2 potions of might
 m - a potion of agility {unknown}
 o - 3 potions of haste {unknown}
 r - a potion of mutation {unknown}
 s - 2 potions of curing {unknown}
 z - a potion of brilliance {unknown}
 B - a potion of resistance {unknown}
 D - a potion of cancellation {unknown}
Comestibles
 d - 6 bread rations
 g - 9 fruits
 v - a slice of pizza
 A - 5 meat rations


   Skills:
 + Level 4.3(3.3) Fighting
 + Level 4.6(3.6) Long Blades
 + Level 1.5(0.6) Throwing
 + Level 4.3(3.4) Armour
 + Level 3.3(2.4) Dodging
 + Level 0.5(0.0) Stealth
 + Level 4.6(3.7) Shields
 + Level 2.4(1.5) Evocations


You had 6 spell levels left.
You didn't know any spells.

Dungeon Overview and Level Annotations

Branches:
Dungeon (6/15)             Temple (1/1) D:4

Altars:
Ashenzari
Cheibriados
Dithmenos
Elyvilon
Fedhas
Kikubaaqudgha
Makhleb
Nemelex Xobeh
Okawaru
Ru
Sif Muna
Trog
Vehumet
Xom
Yredelemnul
Zin
The Shining One

Annotations:
D:5 Malachi's ghost, experienced HEEn


Message History

The orc is drained!
The orc dies!
It is a wand of draining.
The orc priest becomes somewhat translucent.
You hit the orc priest.
The orc priest is almost dead.
The worker ant closely misses you.
The giant gecko bites you but does no damage.
The goblin zaps a wand.
The bolt of negative energy hits you!
You feel drained.
* * * LOW HITPOINT WARNING * * *
The orc priest hits you with a dagger.
* * * LOW HITPOINT WARNING * * *
You block the giant gecko's attack. You block the worker ant's attack.
You are too injured to fight recklessly!
Unknown command.
You are too injured to fight recklessly!
You hit the orc priest.
You kill the orc priest!
The goblin zaps a wand.
The bolt of negative energy hits you!
You feel drained.
You die...

########........#
#........# #........#
###########........#
....................#
....................
##................
#..).............
#..l@...........
#......)ag.##......
.....(....##.####
..........##..
........%.. ..>
.(.......## .?......#
.......# ...


You could see a worker ant, a giant gecko and a goblin.

Vanquished Creatures
  The ghost of RobertPalmer the Prestidigitator, an experienced OpAr (D:6)
  A centaur (D:6)
  2 orc priests
  An iguana (D:4)
  Jessica (D:2)
  6 adders
  A giant mite (D:4)
  4 worms
  An ufetubus (D:6)
  8 giant geckos
  5 orcs (D:4)
  3 ball pythons
  14 bats
  A bat skeleton (D:6)
  6 giant cockroaches
  10 hobgoblins
  2 jackals (D:1)
  12 kobolds
  2 oozes
  A ball python skeleton (D:4)
  7 giant newts
  7 goblins
  2 quokkas
  A quokka skeleton (D:5)
  6 rats
  2 ballistomycetes (D:4)
107 creatures vanquished.

Vanquished Creatures (others)
  An orc (D:6)
  A giant spore (D:4)
2 creatures vanquished.

Grand Total: 109 creatures vanquished

Notes
Turn   | Place    | Note
--------------------------------------------------------------
     0 | D:1      | Malachi, the High Elf Fighter, began the quest for the Orb.
     0 | D:1      | Reached XP level 1. HP: 16/16 MP: 2/2
   158 | D:1      | Reached XP level 2. HP: 21/21 MP: 3/3
   781 | D:2      | Reached XP level 3. HP: 26/26 MP: 5/5
  1510 | D:2      | Reached skill level 1 in Dodging
  1510 | D:2      | Reached XP level 4. HP: 21/31 MP: 7/7
  1974 | D:2      | Noticed Jessica
  1976 | D:2      | Killed Jessica
  2357 | D:3      | Reached XP level 5. HP: 31/36 MP: 8/8
  3241 | D:4      | Found a staircase to the Ecumenical Temple.
  3251 | Temple   | Entered the Ecumenical Temple
  3306 | D:4      | Found a blossoming altar of Fedhas.
  4428 | D:5      | Entered Level 5 of the Dungeon
  4525 | D:5      | Noticed a phantom
  4547 | D:5      | Noticed Malachi's ghost (experienced HEEn)
  4556 | D:5      | Noticed a sky beast
  4594 | D:6      | Reached XP level 6. HP: 13/43 MP: 10/10
  4655 | D:6      | Noticed RobertPalmer's ghost (experienced OpAr)
  4690 | D:6      | Killed RobertPalmer's ghost
  4690 | D:6      | Reached skill level 4 in Fighting
  4690 | D:6      | Reached skill level 1 in Throwing
  4690 | D:6      | Reached XP level 7. HP: 10/48 MP: 11/14
  4721 | D:6      | Noticed a centaur
  4733 | D:6      | Killed a centaur
  5115 | D:6      | Killed from afar by a goblin

Action                   |  1- 3 |  4- 6 |  7- 9 || total
-------------------------+-------+-------+-------++-------
Melee: Long sword        |   159 |   249 |    16 ||   424
Throw: Javelin           |       |    15 |     2 ||    17
Evoke: Wand              |       |    15 |       ||    15
  Use: Scroll            |       |     3 |       ||     3
  Eat: Chunk             |     2 |    10 |     1 ||    13
